 Dungeon Crawl Stone Soup version 0.30-a0-728-gc68057be0a (webtiles) character file.

Game seed: 14652367518349069671

546 browni3141 the Grave Robber (level 7, -4/50 HPs)
             Began as a Mummy Necromancer on Jan 31, 2023.
             Slain by Prince Ribbit (14 damage)
             ... on level 5 of the Dungeon.
             The game lasted 00:10:00 (4994 turns).

browni3141 the Grave Robber (Mummy Necromancer)     Turns: 4994, Time: 00:10:00

Health: -4/50      AC:  6    Str: 11    XL:     7   Next: 6%
Magic:  3/11       EV: 11    Int: 16    God:
Gold:   178        SH:  0    Dex: 13    Spells: 4/12 levels left

rFire   x . .      SeeInvis .    g - +0 short sword (flame)
rCold   + . .      Faith    +    (no shield)
rNeg    + + +      Spirit   .    i - +2 leather armour of the Lumpy Beds {+Inv}
rPois   ∞          Reflect  .    h - +0 helmet
rElec   .          Harm     .    (no cloak)
rCorr   .          Rampage  .    (no gloves)
Will    .....                    (no boots)
Stlth   ++                       (no amulet)
HPRegen 0.28/turn                (no ring)
MPRegen 0.12/turn                (no ring)

@: animating dead, studying Conjurations
A: cold resistance 1, negative energy resistance 3, torment resistance 2, heat
vulnerability 1, in touch with death 1, no potions, faith
a: Evoke Invisibility


You were on level 5 of the Dungeon.
You visited 2 branches of the dungeon, and saw 6 of its levels.

You collected 178 gold pieces.

Inventory:

Hand Weapons
 c - a +0 hand axe
 g - a +0 short sword of flaming (weapon)
Armour
 a - a +0 robe
 h - a +0 helmet (worn)
 i - the +2 leather armour of the Lumpy Beds (worn) {+Inv}
   (You found it on level 3 of the Dungeon)

   +Inv:      It lets you turn invisible.
Scrolls
 b - 2 scrolls of immolation
 d - 5 scrolls of identify
 e - a scroll of enchant weapon
 f - a scroll of magic mapping
 j - 2 scrolls of enchant armour
 k - a scroll of teleportation {unknown}
 l - a scroll of fear {unknown}


   Skills:
 - Level 2.0 Fighting
 - Level 2.0 Short Blades
 - Level 2.0 Dodging
 - Level 3.0 Stealth
 - Level 3.0 Spellcasting
 * Level 6.9 Necromancy


You had 4 spell levels left.
You knew the following spells:

 Your Spells              Type           Power      Damage    Failure   Level
a - Necrotise             Necr           100%       1d9       1%          1
b - Vampiric Draining     Necr           37%        2d8       4%          3
c - Animate Dead          Necr           37%        N/A       14%         4

Your spell library contained the following spells:

 Spells                   Type           Power      Damage    Failure   Level
 Lesser Beckoning         Tloc           4%         N/A       36%         2
 Gell's Gravitas          Tloc           2%         N/A       58%         3
 Teleport Other           Tloc           2%         N/A       58%         3
 Cause Fear               Hex            1%         N/A       94%         4
 Agony                    Necr           37%        N/A       36%         5
 Summon Forest            Summ/Tloc      1%         N/A       100%        5
 Summon Mana Viper        Hex/Summ       2%         N/A       100%        5
 Dispersal                Tloc           1%         N/A       100%        6
 Summon Cactus Giant      Summ           1%         N/A       100%        6
 Dragon's Call            Summ           1%         N/A       100%        9
 Dragon Form              Tmut           Unusable   N/A       N/A         7

Dungeon Overview and Level Annotations

Branches:
Dungeon (5/15)             Temple (1/1) D:4

Altars:
Ashenzari
Dithmenos
Fedhas
Makhleb
Nemelex Xobeh
Okawaru
Qazlal
Ru
Trog
Uskayaw
Vehumet
Xom

Shops:
D:3 !(*[

Annotations:
D:4 1 runed translucent door, Crazy Yiuf
D:5 Prince Ribbit


Innate Abilities, Weirdness & Mutations

You are immune to poison.
Your flesh is cold resistant. (rC+)
You are immune to negative energy. (rN+++)
You are immune to unholy pain and torment.
You are vulnerable to heat. (rF-)
You are in touch with the powers of death.
You do not drink.
You have a special connection with the divine. (Faith)


Message History

Prince Ribbit moves out of view.
Prince Ribbit is nearby!
Prince Ribbit is nearby!
Prince Ribbit is nearby!
Prince Ribbit gives a loud, deep croak!
Prince Ribbit asks, "Just a little smooch?"
Prince Ribbit hits you.
Casting: Necrotise (safe; 1% risk of failure)
Confirm with . or Enter, or press ? or * to list all spells.
The spell is quite dangerous to miscast (14% risk of failure)!
Continue anyway?
You feel a surge of power!
You call upon the dead to rise.
Prince Ribbit hits you. Prince Ribbit barely misses you.
You feel a surge of power!
Prince Ribbit writhes in agony!
Prince Ribbit barely misses you.
You feel a surge of power!
Prince Ribbit struggles to resist.
Prince Ribbit misses you.
You feel a surge of power!
Prince Ribbit struggles to resist.
Prince Ribbit hits you!
Prince Ribbit blinks!
You feel a surge of power!
Prince Ribbit writhes in agony.
You feel a surge of power!
Prince Ribbit struggles to resist.
You barely miss Prince Ribbit.
Prince Ribbit is moderately wounded.
Prince Ribbit hits you!
You are too injured to fight recklessly!
You are too injured to fight recklessly!
You are too injured to fight recklessly!
You hit Prince Ribbit but do no damage.
Prince Ribbit is moderately wounded.
Prince Ribbit closely misses you. Prince Ribbit attacks as you move away!
Prince Ribbit hits you.
* * * LOW HITPOINT WARNING * * *
Prince Ribbit hits you but does no damage.
Prince Ribbit attacks as you move away! Prince Ribbit barely misses you.
Prince Ribbit hits you.
* * * LOW HITPOINT WARNING * * *
There is a stone staircase leading down here.
You closely miss Prince Ribbit.
Prince Ribbit is lightly wounded.
Prince Ribbit hits you!
You die...

......# #######
.......##.....#
........#.PPP.#
......#.'.P...#
........'.P._.#
##......'.P...# #.
#.......#.PPP.# #..
###..#.$#.....# .. ...
######.@#######
..###.##....#F.#
..#....>......#
.............# .
#...........## ..
#..).).......# ...
##............#
....#..........#.....
...........###)......#


You could see Prince Ribbit.

Vanquished Creatures
  A water moccasin (D:5)
  Blork the orc (D:5)
  A howler monkey (D:5)
  A hound (D:5)
  Natasha (thrice) (D:4)
  An orc wizard (D:5)
  A gnoll (D:1)
  6 adders
  2 ufetubi
  2 dart slugs (D:1)
  21 orcs
  10 endoplasms
  2 giant cockroaches
  7 goblins
  7 hobgoblins
  7 jackals (D:1)
  5 quokkas
  11 ball pythons
  3 bats
  5 frilled lizards
  4 kobolds
  6 rats
107 creatures vanquished.

Vanquished Creatures (collateral kills)
  An orc (D:5)
  A giant cockroach (D:1)
  A hobgoblin (D:1)
  A jackal (D:1)
4 creatures vanquished.

Vanquished Creatures (others)
  6 fungi
6 creatures vanquished.

Grand Total: 117 creatures vanquished

Notes
Turn   | Place    | Note
-------+----------+-------------------------------------------
     0 | D:1      | browni3141 the Mummy Necromancer began the quest for the
                  | Orb.
     0 | D:1      | Reached XP level 1. HP: 13/13 MP: 4/4
   120 | D:1      | Reached skill level 1 in Fighting
   190 | D:1      | Reached XP level 2. HP: 21/22 MP: 3/5
   553 | D:1      | Gained mutation: You are in touch with the powers of death.
                  | [Mummy growth]
   553 | D:1      | Reached XP level 3. HP: 19/27 MP: 0/7
  1140 | D:2      | Reached skill level 5 in Necromancy
  1215 | D:2      | Reached XP level 4. HP: 27/33 MP: 6/8
  1658 | D:2      | Learned a level 3 spell: Vampiric Draining
  1663 | D:2      | Learned a level 4 spell: Animate Dead
  2602 | D:3      | Found a stormy altar of Qazlal.
  2604 | D:3      | Found a blossoming altar of Fedhas.
  2664 | D:3      | Found Kozirruk's General Store.
  2672 | D:3      | Found Derchauzi's Antique Weapon Emporium.
  2856 | D:3      | Reached XP level 5. HP: 36/38 MP: 7/9
  2866 | D:3      | Found Oluy's Antique Armour Emporium.
  2866 | D:3      | Identified the +2 leather armour of the Lumpy Beds {+Inv}
  2901 | D:3      | Reached skill level 1 in Short Blades
  3017 | D:3      | Found a sparkling altar of Nemelex Xobeh.
  3063 | D:3      | Found an iron altar of Okawaru.
  3151 | D:3      | Found Ate Qoc's Distillery.
  3363 | D:4      | Found a bloodstained altar of Trog.
  3480 | D:4      | Found a staircase to the Ecumenical Temple.
  3550 | Temple   | Entered the Ecumenical Temple
  3846 | D:4      | Noticed Natasha
  3851 | D:4      | Killed Natasha
  4047 | D:4      | Found a runed translucent door.
  4048 | D:4      | Noticed Crazy Yiuf
  4072 | D:4      | Found a staircase to the Ecumenical Temple.
  4123 | D:4      | Noticed Natasha
  4132 | D:4      | Killed Natasha
  4289 | D:4      | Noticed Natasha
  4294 | D:4      | Killed Natasha
  4406 | D:4      | Found a bloodstained altar of Trog.
  4462 | D:5      | Entered Level 5 of the Dungeon
  4504 | D:5      | Noticed Blork the orc
  4514 | D:5      | Killed Blork the orc
  4515 | D:5      | Reached skill level 6 in Necromancy
  4515 | D:5      | Reached XP level 6. HP: 33/44 MP: 0/10
  4663 | D:5      | Found a sacrificial altar of Ru.
  4860 | D:5      | Noticed a water moccasin
  4881 | D:5      | Killed a water moccasin
  4882 | D:5      | Reached XP level 7. HP: 19/50 MP: 1/11
  4969 | D:5      | Noticed Prince Ribbit
  4994 | D:5      | Slain by Prince Ribbit

Illustrated notes

Levels and vault maps discovered:
D:1:      lemuel_arrival_lava_pool, layout_loops_ring
D:2:      layout_basic
D:3:      layout_rooms, grunt_temple_overflow_forces_of_nature,
          nemelex_diamond_rough_becter, mainiacjoe_overflow_alcove_1,
          serial_shops, nicolae_shop_window_shopping, shop, shop,
          nicolae_shop_crystal
D:4:      layout_rooms, trog_butcher_becter, minmay_temple_entry_waves,
          minmay_misc_feat_four_crosses, hangedman_minor_gate_pass,
          uniq_natasha, uniq_crazy_yiuf_cottage
D:5:      cheibrodos_two_vegetables, layout_cave_pools,
          mainiacjoe_overflow_alcove_4, lemuel_doored_altar,
          uniq_prince_ribbit1, uniq_blork_the_orc
Temple:   hellmonk_temple_beads

Skill      XL: |  1  2  3  4  5  6 |
---------------+-------------------+-----
Fighting       | 1 2 |  2.0
Necromancy     | 5 6 |  6.9
Stealth        | 2 3 |  3.0
Dodging        | 2 |  2.0
Short Blades   | 2 |  2.0
Spellcasting   | 3 |  3.0

Action                     |  1- 3 |  4- 6 |  7- 9 || total
---------------------------+-------+-------+-------++-------
  Melee: Unarmed           |     6 |       |       ||     6
         Hand axe          |    70 |       |       ||    70
         Punch             |     1 |       |       ||     1
         Short sword       |    14 |   175 |     3 ||   192
   Cast: Necrotise         |    27 |    70 |     6 ||   103
         Vampiric Draining |       |     3 |       ||     3
         Animate Dead      |       |       |     1 ||     1
    Use: Scroll            |     4 |     2 |       ||     6
   Stab: Sleeping          |     2 |     4 |       ||     6
 Armour: Robe              |    27 |    16 |       ||    43
         Leather armour    |       |    35 |     1 ||    36
  Dodge: Dodged            |    82 |   146 |     5 ||   233

Table legend: (Time is in decaauts)
 A = Elapsed time spent in this place.
 B = Non-inter-level travel time spent in this place.
 C = Inter-level travel time spent in this place.
 D = Time resting spent in this place.
 E = Time spent auto-exploring this place.
 F = Levels seen in this place.
 G = Mean time per level.
                   A        B        C        D        E       F      G
               +--------+--------+--------+--------+--------+-----+--------+
         Total |   5006 |   4693 |    313 |    420 |   3356 |   6 |  834.3 |
       Dungeon |   4896 |   4593 |    303 |    420 |   3265 |   5 |  979.2 |
        Temple |    109 |     99 |     10 |      0 |     91 |   1 |  109.0 |
               +--------+--------+--------+--------+--------+-----+--------+

Top non-repeatable levels by time:
     D:2: 1519 daAuts
     D:1: 1100 daAuts
     D:4: 1031 daAuts
     D:3: 717 daAuts
     D:5: 528 daAuts
  Temple: 109 daAuts
